 Dungeon Crawl Stone Soup version 0.31-a0-83-gbff143cfd1 (webtiles) character file.

Game seed: 3468646987745421374

7 Esekla the Sneak (level 2, -8/21 HPs)
             Began as an Octopode Delver on May 24, 2023.
             Killed from afar by a white imp (11 damage)
             ... with a puff of frost
             ... on level 5 of the Dungeon.
             The game lasted 00:00:35 (50 turns).

Esekla the Sneak (Octopode Delver)                    Turns: 50, Time: 00:00:35

Health: -8/21      AC:  1    Str: 11    XL:     2   Next: 4%
Magic:  2/2        EV: 13    Int: 12    God:
Gold:   25         SH:  0    Dex: 13    Spells: 1/1 levels left

rFire   . . .        a - +0 falchion
rCold   . . .        (no shield)
rNeg    . . .        (helmet restricted)
rPois   .            (no amulet)
rElec   .            (no ring)
rCorr   .            (no ring)
SInv    .            (no ring)
Will    .....        (no ring)
Stlth   ++++         (no ring)
HPRegen 0.23/turn    (no ring)
MPRegen 0.08/turn    (no ring)
                     (no ring)

%: no passive effects
@: no status effects
A: almost no armour, amphibious, 8 rings, camouflage 1, gelatinous body 1,
(nimble swimmer 1), tentacles
a: no special abilities


You were on level 5 of the Dungeon.
You visited 1 branch of the dungeon, and saw 1 of its levels.

You collected 25 gold pieces.

Inventory:

Hand Weapons
 a - a +0 falchion (weapon)
Wands
 f - a wand of digging (3)
Scrolls
 b - a scroll of fog
 c - a scroll of magic mapping
 d - a scroll of fear
Potions
 e - a potion of haste


   Skills:
 * Level 3.1 Fighting
 * Level 2.0 Long Blades
 * Level 2.1 Dodging
 + Level 6.8 Stealth
 * Level 0.3 Spellcasting


You had one spell level left.
You didn't know any spells.
Your spell library was empty.

Dungeon Overview and Level Annotations

Branches:
Dungeon (5/15)
 Temple: D:4-7

Altars:


Innate Abilities, Weirdness & Mutations

You cannot wear most types of armour.
You are amphibious.
You can wear up to eight rings at the same time.
Your skin changes colour to match your surroundings (Stealth+).
Your rubbery body absorbs attacks. (AC +1, EV +1)
((You are camouflaged when in or above water. (Stealth+)))
You have tentacles for arms and can constrict up to eight enemies at once.


Message History

Welcome, Esekla the Octopode Delver.
It is said that the Orb of Zot exists deep within this dungeon.
Press ? for a list of commands and other information.
Found 8 stones.
Found a stone staircase leading down.
Found a stone staircase leading up.
You open the door.
Found 25 gold pieces.
There is an open door here.
You now have 14 gold pieces.
You now have 25 gold pieces (gained 11).
A shadow imp comes into view.
The shadow imp shouts, "Get thee hence, thou quaking rump-fed minnow reeky!"
A white imp comes into view.
The shadow imp attacks as you move away!
The shadow imp hits you.
You barely miss the shadow imp. Your grab misses the shadow imp.
The shadow imp gestures at you. Pain shoots through your body!
Ouch! That really hurt!
* * * LOW HITPOINT WARNING * * *
You hit the shadow imp. You grab the shadow imp.
The shadow imp is heavily wounded.
You constrict the shadow imp, but do no damage.
The shadow imp closely misses you.
You hit the shadow imp.
The shadow imp is severely wounded.
You constrict the shadow imp. The shadow imp gestures at you.
You barely resist. You hit the shadow imp. Your squeeze misses the shadow imp.
The shadow imp is almost dead.
You constrict the shadow imp.
You kill the shadow imp!
You have reached level 2!
The white imp gestures at you. The puff of frost hits you!
Ouch! That really hurt!
You die...

. #.........#### .
+.........'... .#
#.........###. ##
.####.......## #.
.. #..###.....## #.
#. #..# ##...## #.
#.###..###..+## #.
#...#.##..#..# ##
#.###..@.........#
#.....5#######...#
#.........#.......#
#.###.....#.......#
# ##.#########..#
... .... #.. ....#
##. #..# .. ...


You could see a white imp.

Vanquished Creatures
  A shadow imp (D:5)
1 creature vanquished.

Notes
Turn   | Place    | Note
-------+----------+-------------------------------------------
     0 | D:5      | Esekla the Octopode Delver began the quest for the Orb.
     0 | D:5      | Reached XP level 1. HP: 16/16 MP: 1/1
    50 | D:5      | Reached XP level 2. HP: 2/21 MP: 2/2
    50 | D:5      | Killed from afar by a white imp

Illustrated notes

Levels and vault maps discovered:
D:5:      layout_loops_corners, hangedman_abyss_or_decor_stagger

Action                     || total
---------------------------++-------
  Melee: Falchion          ||     4
         Constrict         ||     1
  Dodge: Dodged            ||     1

Table legend: (Time is in decaauts)
 A = Elapsed time spent in this place.
 B = Non-inter-level travel time spent in this place.
 C = Inter-level travel time spent in this place.
 D = Time resting spent in this place.
 E = Time spent auto-exploring this place.
 F = Levels seen in this place.
 G = Mean time per level.
                   A        B        C        D        E       F      G
               +--------+--------+--------+--------+--------+-----+--------+
         Total |     50 |     50 |      0 |      0 |      0 |   1 |   50.0 |
       Dungeon |     50 |     50 |      0 |      0 |      0 |   1 |   50.0 |
               +--------+--------+--------+--------+--------+-----+--------+

Top non-repeatable levels by time:
     D:5: 50 daAuts
